IndiGadsden Jones, neutral female human Archeologist # ------------ ---.- |.......... |...| |..........| ---...--- .. ... <.|############## #-.......| . . . # -.-.--- ###|.......| ##%####### ......-- ###........| # # |.......#### |.....$.| #### |......|## --|------ ## |.*.....### # ##### |......| # # # --.....| ### ### --.---- -|----- # # |.....| #################### |.....| # -.-.- |.....| ### |...| --....| # |...| |.A..| ##....| |@.... |...| ------ ----- IndiGadsden Jones the Field Worker Experience level: 5 Strength: 17 Dexterity: 9 Constitution: 13 Intelligence: 17 Wisdom: 13 Charisma: 8 Health: 0(38) Energy: 21(21) Def: 2 Gold: 229 Moves: 1034 Dungeon seed: V-HwfMLre3oklri8 Game ID: IndiGadsden Jones_1605171296 Your Inventory: Coins $ - 229 gold pieces Weapons a - an uncursed +2 bullwhip x - a blessed +2 scimitar (weapon in hand) A - an uncursed +0 axe Armor e - an uncursed +0 leather jacket (being worn) n - an uncursed +0 fedora r - an uncursed +0 orcish helm (being worn) Comestibles b - 6 uncursed food rations i - an uncursed sprig of wolfsbane o - 2 uncursed tripe rations K - 2 uncursed eucalyptus leaves X - an uncursed lichen corpse Scrolls j - an uncursed scroll of light k - a blessed scroll of gold detection p - an uncursed scroll of remove curse u - an uncursed scroll of scare monster v - a cursed scroll of remove curse w - an uncursed scroll of identify Potions m - an uncursed potion of water z - an uncursed potion of object detection U - an uncursed potion of hallucination V - a cursed potion of hallucination Rings s - an uncursed ring of levitation Wands d - an uncursed wand of light (0:12) h - an uncursed wand of teleportation (0:6) Tools c - an uncursed +0 pick-axe f - an uncursed sack g - an uncursed tin opener t - an uncursed skeleton key Gems q - an uncursed touchstone Spells and supernatural/magical abilities: Name Level Category Fail Memory W - pray for help -- divine ? -- Your skills at the end: Miscellaneous Skills wands [Basic] Weapon Skills pick-axe [Basic] whip [Basic] Spellcasting Skills Final Attributes: You were devoutly aligned. You were hallucinating. Your writing hand was cramped from overuse. You were stealthy. You were fast. You are dead. Vanquished creatures: a dust vortex a Woodland-elf a gray ooze a straw golem a homunculus an iguana 3 hill orcs a jitterbug a dwarf zombie a gas spore 5 geckos a giant rat a yellow mold 5 gnomes 7 garter snakes a gnome zombie a jackal 2 kobolds 4 newts a goblin 2 sewer rats 3 grid bugs 2 lichens and a partridge in a pear tree 47 creatures vanquished. Voluntary challenges: You did not cause conflict. You were not invisible. You did not have reflection. You were not displaced. You were an atheist. You used a wielded weapon 67 times, starting on turn 31. You did not use containers. You did not apply a unicorn horn. You did not use plumbed fixtures. You read items or engraved 4 times, starting on turn 137. You never genocided any monsters. You never polymorphed an object. You never changed form. You used no wishes. You never split a pudding. You wrote Elbereth's name 3 times, starting on turn 137. You never violated your personal moral code. Dungeon overview: The Dungeons of Doom: levels 1 to 7 Level 1 a long staircase Level 2 a sink Level 3 Level 4 Level 5 Level 6 many fountains Level 7 <- You were here a long staircase History has recorded: On T:1 you entered the Dungeons of Doom to retrieve the Amulet of Yendor! On T:41 you reached level 2 of The Dungeons of Doom. On T:115 you reached level 3 of The Dungeons of Doom. On T:153 you advanced to experience level 2. On T:201 you reached level 4 of The Dungeons of Doom. On T:222 you advanced to experience level 3. On T:225 you reached level 5 of The Dungeons of Doom. On T:543 you advanced to experience level 4. On T:615 you reached level 6 of The Dungeons of Doom. On T:770 you advanced to experience level 5. On T:920 you reached level 7 of The Dungeons of Doom. Score breakdown: Gold: 229 ( 22 points) Experience: 5 levels ( 400 points) Exploration: 7 levels ( 180 points) Discoveries: 16 items ( 800 points) Variety of kills: 23 monsters ( 1150 points) Major goal: (nothing yet) ( 0 points) Survival: died (score multiplied by 3) Total score: 7656 Latest messages: Never mind. Oh wow! Everything looks so cosmic! The dwarf lord bites! You hear a nearby zap. The bolt of fire hits the dar battlemage. Please move the cursor to an unknown object. Done. You feel smart! You feel wise! You feel self-knowledgeable... The feeling subsides. The manes bites! You hear a nearby zap. The bolt of fire hits you! You die... The sack is empty. The sack is empty. Final status: Goodbye IndiGadsden Jones the Archeologist, killed by a bolt of fire... You died in The Dungeons of Doom on dungeon level 7 with 7656 points, and 229 pieces of gold, after 1034 moves. You were level 5 with a maximum of 38 hit points when you died.